 Dungeon Crawl Stone Soup version 0.17-a0-1133-gfb1399f (webtiles) character file.

449341 onwiheg the Tortoise (level 24, -4/114 HPs)
             Began as a Gargoyle Berserker on May 25, 2015.
             Was the Champion of Trog.
             Killed from afar by a starcursed mass (20 damage)
             ... with an accursed screaming
             ... on level 3 of the Abyss.
             The game lasted 05:14:08 (52134 turns).

onwiheg the Tortoise (Gargoyle Berserker)          Turns: 52134, Time: 05:14:08

Health: -4/114     AC: 49    Str: 31 (32) XL:     24   Next: 26%
Magic:  20/20      EV: 20    Int:  9      God:    Trog [******]
Gold:   3650       SH:  0    Dex: 16      Spells: 0 memorised, 23 levels left

rFire  + + .     SeeInvis +     K - +7 great mace (holy)
rCold  + + .     Rnd*Rage +     H - +9 chain mail "Ofuovoant" {Str+6}
rNeg   + + .     SustAt   .     (no shield)
rPois  ∞         Gourm    .     l - +0 hat of Oblivion {rF+ rC+ rCorr SInv}
rElec  +         Spirit   .     G - +1 cloak {rPois}
rCorr  +         Warding  +     s - +2 pair of gloves
rMut   .         Stasis   .     I - +2 pair of boots
MR     +....                    t - amulet "Wuleeghi" {Ward rN+ Dex+2}
Stlth  ..........               T - ring of protection from cold
                                F - ring of the Octopus King {rF+ AC+1 EV+1 Str+1 Int+1 Dex+1}

@: flying, somewhat resistant to hostile enchantments, extremely unstealthy
A: big wings, berserk 2, blurry vision 3, clever 1, clumsy 1, deformed body,
deterioration 1, dopey 1, frail 3, low mp 1, negative energy resistance 1,
screaming 3, electricity resistance, weak 1, unbreathing, petrification
resistance, no device heal 1, rot immunity, subdued magic 1, MP-powered wands,
AC +17
a: Stop Flying, Burn Spellbooks, Berserk, Trog's Hand, Brothers in Arms,
Renounce Religion
}: 2/15 runes: barnacled, gossamer


You were on level 3 of the Abyss.
You worshipped Trog.
Trog was exalted by your worship.
You were not hungry.

You visited 7 branches of the dungeon, and saw 41 of its levels.
You visited the Abyss 3 times.
You also visited: Labyrinth, Sewer, Ossuary and Ice Cave.

You collected 7147 gold pieces.
You spent 3497 gold pieces at shops.

Inventory:

Hand weapons
 f - a +6 great mace of holy wrath
 z - a +9 vampiric demon whip
 K - a +7 great mace of holy wrath (weapon)
 V - a +1 antimagic eveningstar
Missiles
 q - 25 poisoned javelins (quivered)
Armour
 d - the +1 robe of the Louse {rF+, unknown}
   (You found it on level 4 of the Vaults)

   It protects you from fire.
 l - the +0 hat of Oblivion (worn) {rF+ rC+ rCorr SInv}
   (You acquired it on level 1 of the Lair of Beasts)

   It protects you from fire.
   It protects you from cold.
   It lets you see invisible.
   It protects you from acid and corrosion.
 p - a +0 large shield
 s - a +2 pair of gloves (worn)
 G - a +1 cloak of poison resistance (worn)
 H - the +9 chain mail "Ofuovoant" (worn) {Str+6}
   (You bought it in a shop on level 1 of the Elven Halls)

   It affects your strength (+6).
 I - a +2 pair of boots (worn)
 L - the cursed +0 plate armour "Peudasum" {Slay+2, unknown}
   (You found it on level 4 of the Vaults)

   It affects your accuracy and damage with ranged weapons and melee attacks
   (+2).
   It has a curse placed upon it.
 O - a +0 shield of reflection
 Y - a +3 plate armour of poison resistance
Jewellery
 i - an uncursed ring of positive energy {unknown}
 t - the amulet "Wuleeghi" (around neck) {Ward rN+ Dex+2}
   (You bought it in a shop on level 4 of the Orcish Mines)

   [amulet of warding]

   It may prevent the melee attacks of summoned creatures.
   It affects your dexterity (+2).
   It protects you from negative energy.
 F - a ring of the Octopus King (left hand) {rF+ AC+1 EV+1 Str+1 Int+1 Dex+1}
   (You found it on level 7 of the Dungeon)

   [ring of protection from fire]

   It affects your AC (+1).
   It affects your evasion (+1).
   It affects your strength (+1).
   It affects your intelligence (+1).
   It affects your dexterity (+1).
   It protects you from fire.
 M - a +2 ring of evasion {unknown}
 N - a +5 ring of protection {unknown}
 R - an uncursed ring of protection from fire {unknown}
 T - a ring of protection from cold (right hand)
Magical devices
 k - a wand of digging (9)
 m - a wand of heal wounds (3)
 o - a wand of disintegration (3)
 v - a wand of disintegration (13)
 w - a wand of disintegration (4)
 U - a wand of digging (7)
 X - a wand of disintegration (4)
Scrolls
 a - 3 scrolls of magic mapping
 e - 9 scrolls of fog
 n - 3 scrolls of identify
 u - 14 scrolls of teleportation
 x - 5 scrolls of remove curse
 y - a scroll of recharging
 C - 8 scrolls of blinking
 J - 6 scrolls of fear
 Q - 4 scrolls of enchant armour
 Z - a scroll of immolation
Potions
 b - 6 potions of haste
 h - 2 potions of invisibility
 j - a potion of berserk rage
 r - 10 potions of heal wounds
 B - 20 potions of curing
 D - 8 potions of agility
 E - a potion of cancellation
 P - 2 potions of might
 S - a potion of magic
Books
 g - a book of Spatial Translocations

   Spells                             Type                      Level
   a - Apportation                    Translocation                1
   b - Blink                          Translocation                2
   c - Shroud of Golubria             Charms/Translocation         2
   d - Portal Projectile              Translocation                3
   e - Teleport Other                 Translocation                3
   f - Passage of Golubria            Translocation                4
   Trog disapproves of the use of such an item.
Comestibles
 c - 20 bread rations
 A - a meat ration


   Skills:
 - Level 20.0 Fighting
 - Level 20.0 Maces & Flails
 - Level 20.2 Armour
 + Level 14.7 Dodging
 - Level 20.0 Shields


You had 23 spell levels left.
You didn't know any spells.

Dungeon Overview and Level Annotations

Branches:
Dungeon (15/15)            Temple (0/1) D:7            Lair (8/8) D:10
 Shoals (4/4) Lair:5       Spider (4/4) Lair:5        Slime (0/6) Lair:6
    Orc (4/4) D:11            Elf (1/3) Orc:3        Vaults (5/5) D:14
  Crypt (0/3) Vaults:2     Depths (0/5) D:15

Altars:
Elyvilon
Fedhas
Kikubaaqudgha
Makhleb
Nemelex Xobeh
Sif Muna
Trog
Xom
Yredelemnul
The Shining One
Beogh
Jiyva

Shops:
D:9 ?   D:11 *   D:13 }   Orc:4 =*!!   Elf:1 [   Vaults:1 =   Vaults:2 *
Vaults:4 [   Vaults:5 %[[

Portals:
Hell: Lair:8

Annotations:
Lair:8 exclusion: oklob plant


Innate Abilities, Weirdness & Mutations

You are resistant to torment.
Your stone body is resilient (AC +17).
You are immune to poison.
Your large and strong wings let you fly indefinitely.
You resist negative energy.
You are resistant to electric shocks.
You can survive without breathing.
You are immune to petrification.
You are immune to rotting.
Your mind is acute. (Int +2)
Your body sometimes deteriorates upon taking damage.
You are weak. (Str -2)
You expend magic power (3 MP) to strengthen your wands.
[You often lose your temper in combat.]
[Scrolls take you much longer to read.]
[You are clumsy. (Dex -2)]
[Armour fits poorly on your strangely shaped body.]
[You are dopey. (Int -2)]
[You are extremely frail (-30% HP).]
[Your magical capacity is low (-10% MP).]
[You frequently scream uncontrollably at your foes.]
[Potions and wands are less effective at restoring your health.]
[Your spells are a little easier to cast, but a little less powerful.]


Message History

The starcursed mass is almost destroyed.
The starcursed mass shudders and is absorbed by its neighbour.
A starcursed mass splits.
You hit the starcursed mass but do no damage.
The starcursed mass is heavily damaged.
The wretched star pulses with an eldritch light!
You feel clumsy.
Your connection to magic feels subdued.
A cacophony of accursed wailing tears at your sanity!
* * * LOW HITPOINT WARNING * * *
Your body deteriorates!
You feel weakened.
You shrug off the repeated paralysis!
The starcursed mass engulfs you but does no damage.
You hit the starcursed mass.
The starcursed mass is lightly damaged.
The starcursed mass shudders and is absorbed by its neighbour.
A starcursed mass splits. x2
You bludgeon the starcursed mass!!
You destroy the starcursed mass!
A cacophony of accursed wailing tears at your sanity!
You die...

.# ≈# ≈≈≈...
.# ..# #
≈≈≈≈≈≈≈#.....#
# .
≈≈≈≈≈≈≈#.....#
..#.#........#
.............#
##..*.......##
#..#.X...(###
##X..X....#
#.XXX.X@..#
#..X.X....#
....XXX8.8#
.....#.X⌠..#
.......8.8...
.#..........##
####........
#.#.......


You could see 13 starcursed masses and a wretched star.

Vanquished Creatures
  An ancient lich (Vaults:5)
  Mara (Spider:3)
  2 profane servitors (Abyss:1)
  4 bone dragons
  Jorgrun (Vaults:2)
  5 liches
  5 tentacled monstrosities
  4 titans (Vaults:5)
  A sphinx (Vaults:5)
  A kraken (Shoals:2)
  Gastronok (Lair:2)
  11 tentacled starspawn
  Kirke (Lair:7)
  A daeva (Abyss:1)
  2 tengu reavers (Vaults:5)
  3 shadow dragons (Vaults:5)
  3 storm dragons
  A revenant (Abyss:1)
  Ilsuiw (Shoals:4)
  Wiglaf (Vaults:4)
  3 fire giants
  14 vault wardens
  3 frost giants
  2 deep elf sorcerers
  Aizul (Shoals:2)
  A balrug (Vaults:4)
  7 emperor scorpions
  A cacodemon (Abyss:1)
  6 ghost moths
  A ghoul (Vaults:2)
  A vampire knight (Vaults:2)
  7 very ugly things
  14 ironheart preservers
  A reaper (Abyss:1)
  7 stone giants
  4 rakshasas
  3 deep elf annihilators
  2 lorocyprocas (Abyss:3)
  3 dire elephants
  A red draconian (Abyss:1)
  3 deep elf demonologists
  A purple draconian (Abyss:3)
  2 white draconians (Abyss:1)
  9 merfolk javelineers
  An eidolon (Abyss:1)
  A deep elf death mage (Elf:1)
  A minotaur (Lab)
  3 fire dragons
  3 crystal guardians
  5 ettins
  6 merfolk impalers
  37 vault guards
  3 deep elf high priests
  A great orb of eyes (Abyss:2)
  17 yaktaur captains
  3 ice dragons
  2 entropy weavers (Spider:3)
  7 hydras
  10 salamander stormcallers
  Erica (D:11)
  4 merfolk aquamancers
  8 merfolk avatars
  13 ogre magi
  12 centaur warriors
  2 alligator snapping turtles
  The ghost of DEFE the Protected, a powerful TeFi of Okawaru (D:11)
  A dancing weapon (Vaults:5)
  4 death yaks
  21 thrashing horrors
  A satyr (Shoals:4)
  2 deep troll shamans (Vaults:1)
  3 orc high priests
  A deep troll earth mage (Vaults:4)
  A sun demon (Lair:8)
  Urug (Lair:2)
  A vampire mage (Vaults:2)
  A soul eater (Abyss:3)
  A storm dragon zombie (Abyss:1)
  Nergalle (Orc:3)
  5 deep elf knights
  A fire crab (Lair:7)
  A fire crab (shapeshifter) (Abyss:1)
  2 hell hogs
  12 wretched stars
  3 wizards
  A deep troll (shapeshifter) (Vaults:3)
  3 shadow wraiths
  2 ice devils
  12 deep trolls
  12 sea snakes
  37 large abominations
  4 unseen horrors
  2 giant orange brains (Abyss:3)
  3 spatial maelstroms
  4 hell knights (Abyss:1)
  A flayed ghost (Vaults:5)
  8 hill giants
  An ice statue (IceCv)
  A phantasmal warrior (Vaults:4)
  2 deep elf summoners
  19 ironbrand convokers
  A lindwurm (Lair:5)
  4 deep elf conjurers
  2 wolf spider zombies
  10 orb spiders
  An oklob plant (Lair:7)
  17 harpies
  7 hornets
  15 orc knights
  12 griffons
  3 necromancers
  29 ugly things
  A shining eye (Abyss:3)
  7 sixfirhies
  2 human zombies (Vaults:3)
  8 water nymphs
  19 wolf spiders
  2 orc sorcerers
  A frost giant zombie (Abyss:2)
  An iron dragon skeleton (Abyss:1)
  A moth of wrath (Spider:1)
  10 elephants
  10 cyclopes
  4 fauns (Shoals:2)
  A stone giant zombie (Abyss:1)
  8 manticores
  4 worldbinders
  7 black mambas
  7 orange demons
  11 sirens
  A guardian serpent (Abyss:2)
  10 vault sentinels
  3 kobold demonologists
  An apocalypse crab (Abyss:2)
  A titan simulacrum (Abyss:3)
  4 rust devils
  2 gargoyles
  A torpor snail (Spider:4)
  An octopode (shapeshifter) (Vaults:4)
  15 smoke demons
  A spiny frog (shapeshifter) (Vaults:4)
  3 efreet
  7 komodo dragons
  12 spiny frogs
  5 freezing wraiths
  3 fire drakes
  A yaktaur (shapeshifter) (Vaults:4)
  15 demonic crawlers
  29 yaktaurs
  4 deep elf priests
  A tormentor (Abyss:3)
  16 ancient zymes
  25 jumping spiders
  A tengu conjurer (D:14)
  29 merfolk
  A silent spectre (Abyss:1)
  5 red devils (Lair:8)
  14 polar bears (IceCv)
  4 hellwings
  3 blue devils (Lair:8)
  4 wind drakes
  20 blink frogs
  Grinder (D:3)
  11 snapping turtles
  A wind drake (shapeshifter) (D:15)
  3 ravens (D:14)
  4 boulder beetles
  11 slime creatures
  A hydra skeleton (Abyss:1)
  16 raiju
  18 trolls
  19 two-headed ogres
  15 water elementals
  A spriggan (Lair:5)
  14 trapdoor spiders
  An ice dragon skeleton (Abyss:1)
  A spriggan (shapeshifter) (D:14)
  Sigmund (D:3)
  9 flying skulls (Abyss:1)
  3 wyverns
  6 ynoxinuls
  9 tarantellas
  A yak (shapeshifter) (Vaults:4)
  52 redbacks
  2 basilisks (shapeshifter)
  A wraith (Abyss:1)
  7 fire bats (Abyss:2)
  A vampire (Abyss:1)
  A shadow (D:14)
  8 humans
  9 hippogriffs
  75 yaks
  27 small abominations
  5 chaos spawn
  9 neqoxecs
  17 deep elf fighters
  14 deep elf magi
  Grum (D:9)
  6 vampire mosquitoes
  A steam dragon (D:6)
  A human (shapeshifter) (Vaults:4)
  3 hungry ghosts
  3 basilisks
  4 mottled dragons
  9 wargs
  4 spatial vortices
  Menkaure (D:6)
  A golden eye (Abyss:2)
  An insubstantial wisp (Abyss:1)
  24 wolves
  14 water moccasins
  A black bear (D:8)
  11 hell hounds
  27 spiders
  A hornet simulacrum (Vaults:1)
  7 porcupines
  An ice dragon simulacrum (Abyss:1)
  32 orc warriors
  3 ice beasts
  A phantom (D:5)
  4 sky beasts
  3 wasps
  2 eyes of draining
  A necrophage (D:11)
  58 ogres
  The ghost of WhatIsLove the Conjurer, an average DgCj (Sewer)
  27 centaurs
  6 big kobolds
  A snapping turtle skeleton (Abyss:3)
  16 crocodiles
  The ghost of OTRawrior the Magician, an average GrWz (D:4)
  A wyvern zombie (D:14)
  3 elf zombies (Elf:1)
  29 giant frogs
  3 brain worms
  A glowing shapeshifter simulacrum (Vaults:3)
  3 human skeletons (Vaults:3)
  3 scorpions
  4 killer bees (D:13)
  A troll skeleton (Lab)
  A spriggan skeleton (Lab)
  11 wights
  2 electric eels (Lair:5)
  8 hounds
  4 centaur zombies
  3 wasp zombies
  A crimson imp (D:8)
  2 gnoll shamans (D:6)
  3 giant frog zombies
  5 jellies
  51 starcursed masses
  3 centaur skeletons
  2 giant frog skeletons (D:10)
  39 orc priests
  10 quasits
  43 orc wizards
  Natasha (thrice) (D:3)
  5 iguanas
  9 iron imps
  11 worker ants
  2 hell rats (Elf:1)
  2 big kobold zombies (Ossuary)
  23 sheep
  An ogre skeleton (Lab)
  A hound zombie (D:7)
  4 mummies (Ossuary)
  A hound skeleton (D:8)
  A worker ant zombie (D:10)
  10 adders
  17 gnolls
  62 river rats
  5 white imps
  4 shadow imps
  10 ufetubi
  An ooze (D:3)
  An adder skeleton (D:9)
  6 worms
  11 giant geckos
  193 orcs
  2 ball pythons
  16 bats
  2 bat skeletons (D:4)
  A bat zombie (D:7)
  8 giant cockroaches
  2 gnoll zombies (D:9)
  23 goblins
  19 hobgoblins
  16 jackals
  6 quokkas
  A ball python zombie (D:5)
  5 giant newts
  6 hobgoblin zombies
  39 kobolds
  A kobold skeleton (D:8)
  2 kobold zombies (D:8)
  3 lurking horrors
  2 orc skeletons (D:8)
  An orc zombie (D:8)
  A quokka skeleton (D:8)
  14 rats
  2 crawling corpses (Vaults:3)
  2 plants
  10 starspawn tentacles
  4 tentacles (Shoals:2)
  2 toadstools (Lair:5)
2370 creatures vanquished.

Vanquished Creatures (others)
  A titan (Vaults:5)
  2 tengu reavers (Vaults:5)
  3 stone giants (Vaults:5)
  An ettin (Vaults:5)
  A vault guard (Vaults:5)
  A deep elf high priest (Vaults:5)
  A rakshasa (Vaults:2)
  2 salamander stormcallers
  An ogre mage (Vaults:5)
  2 deep elf knights
  A shadow wraith (Vaults:4)
  A deep elf summoner (Vaults:2)
  2 ironbrand convokers
  10 drowned souls
  2 vault sentinels
  2 yaktaurs (Vaults:5)
  A jumping spider (Spider:4)
  3 polar bears (IceCv)
  2 fire vortices (Vaults:5)
  A hog (shapeshifter) (Vaults:2)
  3 small abominations
  A wolf (IceCv)
  A human (D:2)
  3 ogres
  A quasit (Abyss:1)
  A hell rat (Vaults:2)
  A hound (D:14)
  A river rat (Lair:7)
  A shadow imp (Abyss:2)
  3 plants
  23 starspawn tentacles
  500 starspawn tentacle segments
  4 tentacles (Shoals:2)
  617 tentacle segments (Shoals:2)
  9 toadstools (Lair:5)
1209 creatures vanquished.

Grand Total: 3579 creatures vanquished

Notes
Turn   | Place    | Note
--------------------------------------------------------------
     0 | D:1      | onwiheg the Gargoyle Berserker began the quest for the Orb.
     0 | D:1      | Reached XP level 1. HP: 14/14 MP: 1/1
   102 | D:1      | Reached XP level 2. HP: 17/19 MP: 2/2
   320 | D:1      | Acquired Trog's second power
   374 | D:1      | Reached skill level 4 in Maces & Flails
   394 | D:1      | Reached XP level 3. HP: 12/23 MP: 3/3
   862 | D:2      | Reached XP level 4. HP: 23/28 MP: 4/4
  1047 | D:2      | Reached skill level 5 in Maces & Flails
  1189 | D:2      | Found an ancient bone altar of Kikubaaqudgha.
  1189 | D:2      | Noticed a human
  1192 | D:2      | Killed a human
  1238 | D:3      | Noticed Sigmund
  1252 | D:3      | Killed Sigmund
  1252 | D:3      | Reached skill level 6 in Maces & Flails
  1252 | D:3      | Reached XP level 5. HP: 32/32 MP: 5/5
  1252 | D:3      | Reached XP level 6. HP: 37/37 MP: 6/6
  1328 | D:3      | Noticed Natasha
  1342 | D:3      | Killed Natasha
  1347 | D:3      | Noticed Natasha
  1355 | D:3      | Killed Natasha
  1394 | D:3      | Noticed Natasha
  1400 | D:3      | Killed Natasha
  1435 | D:3      | Found a shimmering altar of Xom.
  1439 | D:3      | Found a shimmering altar of Xom.
  1439 | D:3      | Found a shimmering altar of Xom.
  1439 | D:3      | Noticed Grinder
  1670 | D:3      | Reached skill level 7 in Maces & Flails
  1743 | D:3      | Killed Grinder
  1743 | D:3      | Reached skill level 8 in Maces & Flails
  1743 | D:3      | Reached XP level 7. HP: 41/41 MP: 7/7
  1975 | D:4      | Noticed OTRawrior's ghost (average GrWz)
  1990 | D:4      | Got a twisted mace
  1991 | D:4      | Identified the +5 mace "Xeechapu" {flame, Str+4} (You found it on level 4 of the Dungeon)
  2016 | D:4      | Found a sand-covered staircase.
  2021 | Ossuary  | Entered an ossuary
  2382 | Ossuary  | Reached skill level 9 in Maces & Flails
  2470 | D:4      | Killed OTRawrior's ghost
  2470 | D:4      | Reached XP level 8. HP: 46/46 MP: 8/8
  2596 | D:4      | Acquired Trog's third power
  3013 | D:5      | Entered Level 5 of the Dungeon
  3046 | D:5      | Found a deep blue altar of Sif Muna.
  3078 | D:5      | Reached skill level 10 in Maces & Flails
  3298 | D:5      | Found a glowing drain.
  3312 | Sewer    | Entered a sewer
  3353 | Sewer    | Noticed WhatIsLove's ghost (average DgCj)
  3362 | Sewer    | Killed WhatIsLove's ghost
  3404 | Sewer    | Found a white marble altar of Elyvilon.
  3665 | D:5      | Reached skill level 11 in Maces & Flails
  3996 | D:5      | Found a burning altar of Makhleb.
  3997 | D:5      | Found a bloodstained altar of Trog.
  4008 | D:5      | Found a sparkling altar of Nemelex Xobeh.
  4239 | D:6      | Reached XP level 9. HP: 46/51 MP: 9/9
  4329 | D:6      | Noticed Menkaure
  4335 | D:6      | Killed Menkaure
  4384 | D:6      | Reached skill level 12 in Maces & Flails
  4667 | D:6      | Got a distressingly furry robe
  4679 | D:6      | Identified the +0 robe of an ossuary {rElec rPois rF+ rC-} (You found it on level 6 of the Dungeon)
  4887 | D:6      | Found a white marble altar of Elyvilon.
  5081 | D:6      | Reached skill level 13 in Maces & Flails
  5413 | D:6      | Reached XP level 10. HP: 56/56 MP: 10/10
  5613 | D:6      | Found a shimmering altar of Xom.
  5868 | D:7      | Found a blossoming altar of Fedhas.
  6030 | D:7      | Got a ring of the Octopus King
  6033 | D:7      | Identified a ring of the Octopus King {rF+ AC+1 EV+1 Str+1 Int+1 Dex+1} (You found it on level 7 of the Dungeon)
  6062 | D:7      | Reached skill level 14 in Maces & Flails
  6138 | D:7      | Found a staircase to the Ecumenical Temple.
  6325 | D:7      | Received a gift from Trog
  6576 | D:8      | Found a glowing golden altar of the Shining One.
  7032 | D:8      | Reached skill level 15 in Maces & Flails
  7310 | D:9      | Noticed Grum
  7330 | D:9      | Killed Grum
  7330 | D:9      | Reached skill level 5 in Fighting
  7396 | D:9      | Found a basalt altar of Yredelemnul.
  7492 | D:9      | Found Toeprasa's Magic Scroll Boutique.
  7563 | D:9      | Reached XP level 11. HP: 48/66 MP: 3/11
  7661 | D:9      | Bought a scroll of acquirement for 728 gold pieces
  7817 | D:10     | Entered Level 10 of the Dungeon
  7948 | D:10     | Killed an unseen horror
  8008 | D:10     | Noticed a hill giant
  8015 | D:10     | Killed a hill giant
  8171 | D:10     | Reached skill level 10 in Fighting
  8188 | D:10     | Found a staircase to the Lair.
  8420 | D:10     | Killed an unseen horror
  8821 | D:10     | Received a gift from Trog
  8881 | D:11     | Reached skill level 5 in Armour
  9078 | D:11     | Noticed DEFE's ghost (powerful TeFi)
  9142 | D:11     | Found a staircase to the Orcish Mines.
  9145 | D:11     | Received a gift from Trog
  9165 | D:11     | Noticed Erica
  9178 | D:11     | Killed Erica
  9207 | D:11     | Killed DEFE's ghost
  9207 | D:11     | Reached XP level 12. HP: 50/77 MP: 4/12
  9311 | D:11     | Found Diyz's Assorted Antiques.
  9317 | D:11     | Bought a crude silver ring for 185 gold pieces
  9319 | D:11     | Identified the ring "Hol Exat" {Wiz rElec rPois rC- SInv} (You bought it in a shop on level 11 of the Dungeon)
  9361 | D:11     | Noticed a hill giant
  9387 | D:11     | Killed a hill giant
  9890 | D:11     | Reached skill level 16 in Maces & Flails
 11196 | D:12     | Noticed a centaur warrior
 11198 | D:12     | Noticed a fire dragon
 11203 | D:12     | Killed a centaur warrior
 11203 | D:12     | Reached skill level 17 in Maces & Flails
 11216 | D:12     | Killed a fire dragon
 11245 | D:12     | Got a coiled jade ring
 11248 | D:12     | Identified the ring "Casuykim" {SustAt -Tele rElec Int+4} (You found it on level 12 of the Dungeon)
 11407 | D:13     | Noticed a centaur warrior
 11418 | D:13     | Received a gift from Trog
 11430 | D:13     | Killed a centaur warrior
 11551 | D:13     | Found a labyrinth entrance.
 11650 | Lab      | Entered a labyrinth
 12230 | Lab      | Noticed a minotaur
 12258 | Lab      | Killed a minotaur
 12258 | Lab      | Reached XP level 13. HP: 81/82 MP: 4/13
 12311 | Lab      | Got a translucent leather armour
 12327 | Lab      | Identified the +1 leather armour "Boukol" {Regen+} (You found it in a labyrinth)
 12457 | D:13     | Noticed an eight-headed hydra
 12528 | D:13     | Killed an eight-headed hydra
 12528 | D:13     | Reached skill level 18 in Maces & Flails
 12574 | D:13     | Found Eczergh's Quality Used Wands.
 12918 | Lair:1   | Entered Level 1 of the Lair of Beasts
 12953 | Lair:1   | Found a frozen archway.
 12985 | IceCv    | Entered an ice cave
 14086 | IceCv    | Reached skill level 10 in Armour
 14227 | IceCv    | Noticed a frost giant
 14602 | IceCv    | Killed a frost giant
 14602 | IceCv    | Received a gift from Trog
 16018 | Lair:2   | Gained mutation: Your large and strong wings let you fly indefinitely. [Gargoyle growth]
 16018 | Lair:2   | Reached XP level 14. HP: 64/88 MP: 14/14
 16123 | Lair:2   | Noticed Urug
 16134 | Lair:2   | Killed Urug
 16326 | Lair:2   | Noticed Gastronok
 16343 | Lair:2   | Killed Gastronok
 18687 | Lair:5   | Received a gift from Trog
 19371 | Lair:5   | Found a staircase to the Shoals.
 19482 | Lair:5   | Found a hole to the Spider Nest.
 19704 | Lair:6   | Noticed Nessos
 19714 | Lair:6   | Noticed Nessos
 19714 | Lair:6   | Nessos changed into Nessos the wind drake
 19723 | Lair:6   | Killed Nessos the wind drake
 19738 | Lair:6   | Got a translucent lead ring
 19740 | Lair:6   | Identified the ring of Teot {Wiz Str+4 Int+4} (You found it on level 6 of the Lair of Beasts)
 20002 | Lair:6   | Found a viscous altar of Jiyva.
 20002 | Lair:6   | Found a staircase to the Slime Pits.
 20561 | Lair:7   | Noticed Kirke
 20570 | Lair:7   | Killed Kirke
 20970 | Lair:7   | Got a distressingly furry scale mail
 20981 | Lair:7   | Identified the +0 scale mail "Hisuceku" {rElec rPois Str+4 Int-4} (You found it on level 7 of the Lair of Beasts)
 21005 | Lair:7   | Reached skill level 19 in Maces & Flails
 21129 | Lair:7   | Reached XP level 15. HP: 80/92 MP: 5/15
 21275 | Lair:7   | Received a gift from Trog
 21360 | Lair:7   | Found a glowing golden altar of the Shining One.
 21663 | Lair:8   | Entered Level 8 of the Lair of Beasts
 22271 | Lair:8   | Reached skill level 20 in Maces & Flails
 22580 | Lair:8   | Found a burning altar of Makhleb.
 22980 | Lair:8   | Received a gift from Trog
 23150 | Lair:8   | Found a gateway to Hell.
 23931 | Orc:1    | Entered Level 1 of the Orcish Mines
 24222 | Orc:2    | Reached skill level 1 in Shields
 24662 | Orc:2    | Found a roughly hewn altar of Beogh.
 24690 | Orc:2    | Received a gift from Trog
 24905 | Orc:3    | Found a staircase to the Elven Halls.
 25081 | Orc:3    | Noticed Nergalle
 25091 | Orc:3    | Killed Nergalle
 25195 | Orc:3    | Found a bloodstained altar of Trog.
 25592 | Orc:1    | You are sucked into a shaft!
 25610 | Orc:2    | You are sucked into a shaft!
 25610 | Orc:4    | Entered Level 4 of the Orcish Mines
 25660 | Orc:4    | Received a gift from Trog
 25800 | Orc:4    | Received a gift from Trog
 25949 | Orc:4    | Reached XP level 16. HP: 63/104 MP: 16/16
 26183 | Orc:4    | Found Memuoch's General Store.
 26191 | Orc:4    | Found Dij Cytocw's Distillery.
 26192 | Orc:4    | Found Agraon's Jewellery Emporium.
 26254 | Orc:4    | Found Huwuupli's Distillery.
 26724 | Orc:4    | Bought the amulet "Wuleeghi" {Ward rN+ Dex+2} for 419 gold pieces
 26740 | Elf:1    | Entered Level 1 of the Elven Halls
 27555 | Elf:1    | Received a gift from Trog
 27842 | Elf:1    | Identified Kikubaaqudgha's Volume of Darkness
 27931 | Elf:1    | Got an encrusted hand crossbow
 28269 | Elf:1    | Found Qaibon's Antique Armour Shoppe.
 28277 | Elf:1    | Bought a steaming plate armour for 952 gold pieces
 28287 | Elf:1    | Identified the +5 plate armour "Akaill" {rPois rC+++ Str-4 Dex-5} (You bought it in a shop on level 1 of the Elven Halls)
 28289 | Elf:1    | Bought a brightly glowing scale mail for 306 gold pieces
 28289 | Elf:1    | Bought a smoking chain mail for 323 gold pieces
 28289 | Elf:1    | Bought a bloodstained leather armour for 238 gold pieces
 28300 | Elf:1    | Identified the +3 leather armour of the Journeyman {-Cast rN++ MR+ rCorr} (You bought it in a shop on level 1 of the Elven Halls)
 28310 | Elf:1    | Identified the cursed +1 scale mail of Isulevus {Dex+5} (You bought it in a shop on level 1 of the Elven Halls)
 28321 | Elf:1    | Identified the +9 chain mail "Ofuovoant" {Str+6} (You bought it in a shop on level 1 of the Elven Halls)
 28325 | Elf:1    | Bought a pair of boots for 153 gold pieces
 28466 | Elf:1    | Reached skill level 5 in Shields
 28944 | D:14     | Received a gift from Trog
 28951 | D:14     | Reached skill level 15 in Fighting
 29074 | D:14     | Found a gate to the Vaults.
 30035 | D:15     | Entered Level 15 of the Dungeon
 30205 | D:15     | Found a basalt altar of Yredelemnul.
 30277 | D:15     | Received a gift from Trog
 30561 | D:15     | Found a staircase to the Depths.
 31084 | D:12     | Reached XP level 17. HP: 116/116 MP: 17/17
 31145 | Lair:1   | Got an encrusted hat
 31156 | Lair:1   | Identified the +0 hat of Oblivion {rF+ rC+ rCorr SInv} (You acquired it on level 1 of the Lair of Beasts)
 31311 | Spider:1 | Entered Level 1 of the Spider Nest
 32333 | Spider:3 | Received a gift from Trog
 32597 | Spider:3 | Noticed Mara
 32620 | Spider:3 | Noticed onwiheg's illusion
 33116 | Spider:3 | Noticed onwiheg's illusion
 33166 | Spider:3 | Killed Mara
 33677 | Spider:3 | Received a gift from Trog
 33787 | Spider:4 | Entered Level 4 of the Spider Nest
 34425 | Spider:4 | Reached XP level 18. HP: 129/129 MP: 0/18
 34600 | Spider:4 | Got a gossamer rune of Zot
 35001 | Shoals:1 | Entered Level 1 of the Shoals
 35610 | Shoals:1 | Received a gift from Trog
 36225 | Shoals:2 | Noticed Aizul
 36248 | Shoals:2 | Killed Aizul
 36352 | Shoals:2 | Reached skill level 10 in Shields
 36662 | Shoals:2 | Found a blossoming altar of Fedhas.
 37686 | Shoals:4 | Entered Level 4 of the Shoals
 37813 | Shoals:4 | Received a gift from Trog
 38181 | Shoals:4 | Reached XP level 19. HP: 124/135 MP: 19/19
 38398 | Shoals:4 | Noticed Ilsuiw
 38679 | Shoals:4 | Killed Ilsuiw
 38768 | Shoals:4 | Received a gift from Trog
 38993 | Shoals:4 | Got a barnacled rune of Zot
 39480 | Shoals:4 | Got a dazzling broad axe
 39481 | Shoals:4 | Identified the +7 broad axe of Arooh {freeze, *Rage rF+ Dex+2} (You found it on level 4 of the Shoals)
 39988 | Vaults:1 | Entered Level 1 of the Vaults
 39988 | Vaults:1 | Found Jahefos's Jewellery Emporium.
 39996 | Vaults:1 | Received a gift from Trog
 39999 | Vaults:1 | Got a fine mace {god gift}
 40047 | Vaults:1 | Reached skill level 15 in Shields
 40606 | Vaults:1 | You are sucked into a shaft!
 40808 | Vaults:1 | Received a gift from Trog
 41119 | Vaults:1 | Found a roughly hewn altar of Beogh.
 41652 | Vaults:2 | Reached XP level 20. HP: 122/140 MP: 20/20
 41795 | Vaults:2 | Found Myul's Assorted Antiques.
 41930 | Vaults:2 | Noticed Jorgrun
 41940 | Vaults:2 | Killed Jorgrun
 41977 | Vaults:2 | Received a gift from Trog
 42065 | Vaults:2 | Paralysed by a vampire knight for 3 turns
 42086 | Vaults:2 | Found a staircase to the Crypt.
 42126 | Vaults:2 | Found Alin Ocu's Jewellery Shoppe.
 42845 | Vaults:3 | Received a gift from Trog
 43947 | Vaults:3 | Paralysed by a great orb of eyes for 6 turns
 44277 | Vaults:4 | Received a gift from Trog
 44287 | Vaults:4 | Got a bloodstained flail {god gift}
 44308 | Vaults:4 | Identified Lee's Tome of Battle Magic and Fire
 44321 | Vaults:4 | Found Zofasm's Antique Armour Emporium.
 44328 | Vaults:4 | Bought a pair of embroidered boots for 193 gold pieces
 44456 | Vaults:4 | Noticed Wiglaf
 44478 | Vaults:4 | Killed Wiglaf
 44590 | Vaults:4 | Reached XP level 21. HP: 146/146 MP: 21/21
 44613 | Vaults:4 | Reached skill level 15 in Armour
 44852 | Vaults:4 | Got a faintly humming robe
 44912 | Vaults:4 | Received a gift from Trog
 44930 | Vaults:4 | Got an iridescent morningstar {god gift}
 45207 | Vaults:4 | Cast into the Abyss (an ogre mage)
 45361 | Abyss:1  | Paralysed by accursed screaming for 1 turns
 45368 | Abyss:1  | Paralysed by accursed screaming for 1 turns
 45922 | Vaults:4 | Escaped the Abyss
 46066 | Vaults:4 | Got a crude plate armour
 46084 | Vaults:4 | Received a gift from Trog
 46089 | Vaults:4 | Cast into the Abyss (an ogre mage)
 46127 | Abyss:1  | Identified the +10 flail of Sudden Death {freeze, MR+ Str-2 Int+3} (Trog gifted it to you on level 4 of the Vaults)
 46128 | Abyss:1  | Identified the +1 morningstar of Balance {crush, rElec Dex+2} (Trog gifted it to you on level 4 of the Vaults)
 46194 | Abyss:1  | Found a corrupted altar of Lugonu.
 46242 | Abyss:1  | Found a corrupted altar of Lugonu.
 46417 | Abyss:1  | Got a steaming war axe
 46471 | Abyss:1  | Got a transparent shield
 46494 | Abyss:1  | Identified the -6 shield of Temperance {+Fly rCorr Str+5} (You found it on level 1 of the Abyss)
 46507 | Abyss:1  | Found a corrupted altar of Lugonu.
 46717 | Abyss:1  | Found a sparkling altar of Nemelex Xobeh.
 46718 | Abyss:1  | Gained mutation: You heal slowly when monsters are visible. [a cacodemon]
 46719 | Abyss:1  | Gained mutation: You expend magic power (3 MP) to strengthen your wands. [a cacodemon]
 46730 | Abyss:1  | Gained mutation: Your mind is acute. (Int +2) [a cacodemon]
 46947 | Abyss:1  | Identified the +3 war axe "Kankal" {flame, *Noise +Inv Dex+2} (You found it on level 1 of the Abyss)
 47009 | Abyss:1  | Reached XP level 22. HP: 121/121 MP: 22/22
 47181 | Abyss:1  | Gained mutation: [Scrolls take you longer to read.] [a neqoxec]
 47276 | Abyss:1  | Paralysed by accursed screaming for 1 turns
 47285 | Abyss:1  | Paralysed by accursed screaming for 1 turns
 47301 | Abyss:1  | HP: 3/136 [starcursed mass/accursed screaming (6)]
 47443 | Abyss:1  | Paralysed by accursed screaming for 1 turns
 48027 | Abyss:2  | Found a blossoming altar of Fedhas.
 48240 | Abyss:2  | Received a gift from Trog
 48283 | Abyss:2  | Reached skill level 5 in Dodging
 48867 | Vaults:4 | Escaped the Abyss
 49360 | Vaults:5 | Entered Level 5 of the Vaults
 49411 | Vaults:5 | Noticed an ancient lich
 49441 | Vaults:5 | Received a gift from Trog
 49609 | Vaults:4 | Reached XP level 23. HP: 106/156 MP: 23/23
 49749 | Vaults:4 | Reached skill level 10 in Dodging
 49865 | Vaults:5 | Received a gift from Trog
 50109 | Vaults:5 | Found Cettar's Antique Armour Shop.
 50225 | Vaults:5 | Found Etasud's Armour Shoppe.
 50227 | Vaults:5 | Paralysed by a lich for 4 turns
 50404 | Vaults:5 | Killed an ancient lich
 50491 | Vaults:5 | Found Sown's Food Boutique.
 50854 | Vaults:5 | Received a gift from Trog
 50868 | Vaults:5 | Cast into the Abyss (a deep elf sorcerer)
 51010 | Abyss:3  | Found a burning altar of Makhleb.
 51359 | Abyss:3  | Gained mutation: [Scrolls take you longer to read.] [a neqoxec]
 51399 | Abyss:3  | Gained mutation: [You occasionally shout uncontrollably at your foes.] [a shining eye]
 51470 | Abyss:3  | Reached XP level 24. HP: 148/163 MP: 23/23
 51529 | Abyss:3  | Paralysed by accursed screaming for 1 turns
 51539 | Abyss:3  | Paralysed by accursed screaming for 1 turns
 52012 | Abyss:3  | Lost mutation: You heal slowly when monsters are visible. [a neqoxec]
 52018 | Abyss:3  | Gained mutation: You are weak. (Str -2) [a neqoxec]
 52022 | Abyss:3  | Gained mutation: Your body sometimes deteriorates upon taking damage. [a neqoxec]
 52024 | Abyss:3  | Received a gift from Trog
 52127 | Abyss:3  | Paralysed by accursed screaming for 1 turns
 52134 | Abyss:3  | Killed from afar by a starcursed mass

Vault maps used:
D:1:      minmay_arrival_diagonal_passages
D:2:      tgw_kikubaaqudgha
D:3:      xom_redecorated, st_stairs_9, kennysheep_generic_room_7, uniq_sigmund,
          uniq_natasha, uniq_grinder
D:4:      enter_ossuary_2, first_bread
D:5:      grunt_temple_overflow_open, led_sif_pool, gup_sewer_entry_pipe
D:6:      kennysheep_housing_project, elyvilon_altar_1, basic_altar,
          kennysheep_decorative_pillar, uniq_menkaure
D:7:      fedhas_altar_3, minmay_temple_entry_metal_lava, grunt_livestock
D:8:      nicolae_tso_besieged_by_evil, minivault_11, serial_bayou_crossing
D:9:      lemuel_zombie_altar_yredelemnul, serial_shops, shop, uniq_grum
D:10:     minmay_opposing_rooms, minmay_lair_entry_grove
D:11:     erik_orc_4, serial_shops, shop, corexii_corridor_pit, uniq_erica
D:12:     st_stairs_8, minmay_diamond_spiral
D:13:     lab_entry_generic, nicolae_for_you_no_charge
D:14:     erik_vaults_2
D:15:     grunt_enter_depths_hoard, yredelemnul_altar_generic
Lair:1:   portal_ice_cave_entry_pillars_02
Lair:2:   grunt_megastairs_5, serial_bayou_shore_b, uniq_gastronok, uniq_urug
Lair:5:   gammafunk_lair_enchanted_lake, minmay_shoals_entry_hut,
          spider_nest_entry_funnel_web, grunt_forest_large_clearing_hut,
          lemuel_fruit_fields
Lair:6:   slime_altar_1, grunt_megastairs_3, lemuel_fruit_fields, uniq_nessos
Lair:7:   basic_altar, uniq_kirke
Lair:8:   evil_forest, minmay_lair_oklob_bushes
Shoals:2: wheals_shoals_ruined_temple, uniq_aizul
Shoals:3: nicolae_shoals_circle_sea_wall, nicolae_shoals_stone_sculpture_thing
Shoals:4: shoals_end_simple, shoals_ilsuiw_alternative
Spider:1: spider_trap
Spider:2: nicolae_spider_cling_halls
Spider:3: spider_trap, nicolae_spider_circle_web, guppyfry_spider_mini_1,
          uniq_mara
Spider:4: spider_rune_water
Orc:2:    kennysheep_orc_chapel
Orc:3:    nicolae_orc_pool_cavern, trog_hazing_becter, uniq_nergalle
Orc:4:    st_orc_open, mumra_transporter_accident
Elf:1:    elf_arrival_001, serial_shops, nicolae_shop_overgrown_old_shop,
          minmay_elf_necromancy
Vaults:1: nicolae_vaults_diagonal_hallway_7, v_alt_pattern_2,
          nicolae_vaults_theta, nicolae_vaults_sealed_display,
          vaults_room_ringed_pool, special_room_vaults, vaults_mumra_lcd,
          nicolae_vaults_angled_halls, nicolae_vaults_asterisk,
          hangedman_vaults_cutoff, vaults_room_corners,
          grunt_vaults_hallway_short, nicolae_vaults_rhombus_6,
          vaults_room_stairs_pillars, nicolae_vaults_little_squares_6,
          nicolae_vaults_border_crossing, serial_shops,
          nicolae_shop_window_shopping
Vaults:2: nicolae_vaults_big_angled_halls, minmay_crypt_entry_simple_corners,
          v_misc_16, vaults_dpeg_encased_lava, nicolae_vaults_little_squares_6,
          hangedman_vaults_impose, v_misc_32, v_misc_8, ontoclasm_vaults_fault,
          nicolae_vaults_little_squares_1, grunt_vaults_funnel, serial_shops,
          nicolae_shop_stone, shop, uniq_jorgrun
Vaults:3: hangedman_vaults_snaps, v_misc_30, vaults_room_stairs_pillars,
          serial_ice_g, ontoclasm_vaults_gallery, v_misc_1,
          ontoclasm_vaults_ring_small, nicolae_vaults_little_squares_4,
          v_misc_18, vaults_room_fancy_cross, ontoclasm_vaults_ligature,
          vaults_mumra_chevron, hangedman_vaults_slice, vaults_mumra_hexcomb,
          grunt_vaults_hallway_short
Vaults:4: vaults_mumra_minichess, ontoclasm_vaults_twist,
          grunt_vaults_hallway_long, nicolae_vaults_fighting_squares, v_misc_27,
          ontoclasm_vaults_ring_large, v_misc_15, dpeg_vaults_monster_row,
          ontoclasm_vaults_chip, hangedman_vaults_restitches,
          nicolae_vaults_windows_and_doors_thing, vaults_room_stairs_pillars,
          nicolae_vaults_rhombus_5, serial_shops, shop, uniq_wiglaf
Abyss:1:  lemuel_flamethrower_3
Abyss:3:  grunt_abyss_rune_wretched_hive
Lab:      labyrinth_watery, labyrinth_lava_lair, nicolae_lab_blocks,
          nicolae_lab_swirl, nicolae_lab_lava, labyrinth_skeletal_remains,
          nicolae_lab_hexagon, nicolae_lab_grate_2, nicolae_lab_quarters
Sewer:    sewer_kobolds
Ossuary:  ossuary_the_hunt_dpeg
IceCv:    ice_cave_caverns_03

Action                   |  1- 3 |  4- 6 |  7- 9 | 10-12 | 13-15 | 16-18 | 19-21 | 22-24 || total
-------------------------+-------+-------+-------+-------+-------+-------+-------+-------++-------
Melee: Mace              |   121 |   102 |   387 |    94 |       |       |       |       ||   704
       Dire flail        |       |       |       |   771 |   633 |       |       |       ||  1404
       Whip              |       |       |       |       |   264 |       |       |       ||   264
       Great mace        |       |       |       |       |   829 |   211 |       |   245 ||  1285
       Eveningstar       |       |       |       |       |   436 |   184 |       |       ||   620
       Demon whip        |       |       |       |       |       |  2309 |  2838 |  1751 ||  6898
Throw: Javelin           |       |       |       |       |     5 |       |       |     8 ||    13
Invok: Berserk           |       |     3 |     4 |     2 |     8 |     6 |     6 |     3 ||    32
       Burn Spellbooks   |       |       |       |       |       |       |     3 |     4 ||     7
       Trog's Hand       |       |       |       |       |       |       |     1 |     6 ||     7
 Abil: Fly               |       |       |       |       |     1 |     3 |       |       ||     4
       Stop Flying       |       |       |       |       |       |     3 |       |       ||     3
Evoke: Wand              |       |       |     8 |    17 |     6 |     3 |    12 |     3 ||    49
  Use: Scroll            |       |       |     4 |    12 |     9 |     9 |    16 |     4 ||    54
       Potion            |       |       |     1 |       |       |     1 |       |     2 ||     4
 Stab: Sleeping          |     1 |       |       |       |       |       |       |       ||     1
       Fleeing           |       |       |       |       |     1 |       |       |       ||     1
       Distracted        |       |       |       |       |     3 |       |       |       ||     3
  Eat: Chunk             |       |     5 |    12 |    23 |    63 |    26 |    24 |     9 ||   162
       Meat ration       |       |       |     1 |       |       |     3 |     3 |     3 ||    10
       Fruit             |       |       |       |     1 |     1 |       |     2 |     3 ||     7
       Pizza             |       |       |       |       |       |     1 |     1 |       ||     2
       Beef jerky        |       |       |       |       |       |     1 |       |     1 ||     2
